| TOP OF THE 1ST |
|
St. Louis Cardinals batting - Pitching for Los Angeles Dodgers : RHP Justin Scheithauer
|
|
Pitching: RHP Justin Scheithauer
|
|
|
Batting: LHB Tommy Luce
|
0-0: Foul Ball, location: 2F 0-1: Ball 1-1: Ground out 4-3 (Groundball, 34, EV 93.8 MPH)
|
|
Batting: LHB Tom Butterbaugh
|
0-0: Called Strike 0-1: Called Strike 0-2: Foul Ball, location: 2F 0-2: Ball 1-2: DOUBLE (Line Drive, 7LS, EV 95.0 MPH)
|
|
Batting: SHB Antoine Roux
|
0-0: SINGLE (Groundball, 5D, EV 100.0 MPH) Tom Butterbaugh to third Runner from 3rd tries for Home, SAFE, throw by LF to home
|
|
Batting: LHB Alex Vargas
|
0-0: Ball 1-0: Called Strike 1-1: Ball 2-1: 2-RUN HOME RUN (Flyball, 89XD, EV 107.5 MPH), Distance : 421 ft
|
|
Batting: LHB John Blair
|
0-0: Ball 1-0: Ball 2-0: Called Strike 2-1: Ball 3-1: Base on Balls
|
|
Batting: RHB Pavpv Ivanushkin
|
0-0: Fly out, F9 (Flyball, 9S, EV 93.8 MPH)
|
|
Batting: LHB Zack Berney
|
0-0: Ball John Blair is caught stealing 2nd base 2-6
|
| Top of the 1st over - 3 runs, 3 hits, 0 errors, 0 left on base; St. Louis 3 - Los Angeles 0 |
| BOTTOM OF THE 1ST |
|
Los Angeles Dodgers batting - Pitching for St. Louis Cardinals : LHP Nick Martin
|
|
Pitching: LHP Nick Martin
|
|
|
Batting: SHB Joel Baker
|
0-0: Called Strike 0-1: Ground out 6-3 (Groundball, 6, EV 91.2 MPH)
|
|
Batting: LHB Chris Ringwood
|
0-0: Called Strike 0-1: Ball 1-1: Ball 2-1: Swinging Strike 2-2: Fly out, F8 (Flyball, 8LM, EV 93.1 MPH)
|
|
Batting: LHB Bob Branham
|
0-0: Called Strike 0-1: Ball 1-1: Ball 2-1: Ground out 4-3 (Groundball, 34D, EV 105.6 MPH)
|
| Bottom of the 1st over - 0 runs, 0 hits, 0 errors, 0 left on base; St. Louis 3 - Los Angeles 0 |
| TOP OF THE 2ND |
|
St. Louis Cardinals batting - Pitching for Los Angeles Dodgers : RHP Justin Scheithauer
|
|
Batting: LHB Zack Berney
|
0-0: Ball 1-0: Ball 2-0: Called Strike 2-1: Ball 3-1: Base on Balls
|
|
Batting: RHB Nick Gentzel
|
0-0: Ball 1-0: Called Strike Zack Berney is caught stealing 2nd base 2-4 1-1: Fly out, F9 (Flyball, 9S, EV 92.5 MPH)
|
|
Batting: RHB Francisco Hernandez
|
0-0: Ball 1-0: Ground out 5-3 (Groundball, 56, EV 76.9 MPH)
|
| Top of the 2nd over - 0 runs, 0 hits, 0 errors, 0 left on base; St. Louis 3 - Los Angeles 0 |
| BOTTOM OF THE 2ND |
|
Los Angeles Dodgers batting - Pitching for St. Louis Cardinals : LHP Nick Martin
|
|
Batting: LHB Lirak Bazhunaishvili
|
0-0: Fly out, F8 (Line Drive, 8LM, EV 87.5 MPH)
|
|
Batting: RHB Clay Buchanan
|
0-0: Ball 1-0: Ball 2-0: Ball 3-0: Called Strike 3-1: Base on Balls
|
|
Batting: RHB Jorge Severiano
|
0-0: Ball 1-0: Ball 2-0: Ball 3-0: Called Strike 3-1: Called Strike 3-2: Fly out, F4 (Popup, 4MD, EV 51.2 MPH)
|
|
Batting: LHB Ryan Taylor
|
0-0: Ball 1-0: Ground out U3 (Groundball, 3, EV 94.4 MPH)
|
| Bottom of the 2nd over - 0 runs, 0 hits, 0 errors, 1 left on base; St. Louis 3 - Los Angeles 0 |
| TOP OF THE 3RD |
|
St. Louis Cardinals batting - Pitching for Los Angeles Dodgers : RHP Justin Scheithauer
|
|
Batting: LHB Tommy Luce
|
0-0: Ball 1-0: DOUBLE (Line Drive, 7LM, EV 105.6 MPH)
|
|
Batting: LHB Tom Butterbaugh
|
0-0: Ball 1-0: Foul Ball, location: 2F 1-1: Ground out U3 (Groundball, 3, EV 84.4 MPH) Tommy Luce to third
|
|
Batting: SHB Antoine Roux
|
0-0: DOUBLE (Line Drive, 7LS, EV 92.5 MPH) Tommy Luce scores
|
|
Batting: LHB Alex Vargas
|
0-0: Foul Ball, location: 2F 0-1: Hit by Pitch
|
|
Batting: LHB John Blair
|
0-0: Ball 1-0: Called Strike 1-1: Ball 2-1: SINGLE (Groundball, 4MD, EV 100.6 MPH) Antoine Roux to third Alex Vargas to second Runner from 3rd tries for Home, SAFE, throw by CF to trailing runner, SAFE at third!
|
|
Pitching: RHP Jake Milligan
|
|
|
Batting: RHB Pavpv Ivanushkin
|
0-0: Ball Pickoff Throw to First - Error! E1 Alex Vargas scores John Blair to second 1-0: Ball 2-0: Ball 3-0: Base on Balls
|
|
Batting: LHB Zack Berney
|
0-0: Ball 1-0: Foul Ball, location: 2F 1-1: Called Strike 1-2: Ball 2-2: Strikes out swinging
|
|
Batting: RHB Nick Gentzel
|
0-0: Foul Ball, location: 2F 0-1: Foul Ball, location: 2F 0-2: Ball 1-2: Ball 2-2: Foul Ball, location: 2F 2-2: Ground out U3 (Groundball, 34, EV 106.9 MPH)
|
| Top of the 3rd over - 3 runs, 3 hits, 1 error, 2 left on base; St. Louis 6 - Los Angeles 0 |
| BOTTOM OF THE 3RD |
|
Los Angeles Dodgers batting - Pitching for St. Louis Cardinals : LHP Nick Martin
|
|
Batting: RHB Tsutomu Irie
|
0-0: Ball 1-0: Swinging Strike 1-1: Foul Ball, location: 2F 1-2: Strikes out swinging
|
|
Batting: RHB Ben Mischnick
|
0-0: Foul Ball, location: 2F 0-1: Foul Ball, location: 2F 0-2: Ground out 6-3 (Groundball, 6S, EV 86.9 MPH)
|
|
Batting: SHB Joel Baker
|
0-0: Ball 1-0: Called Strike 1-1: Swinging Strike 1-2: Strikes out swinging
|
| Bottom of the 3rd over - 0 runs, 0 hits, 0 errors, 0 left on base; St. Louis 6 - Los Angeles 0 |
| TOP OF THE 4TH |
|
St. Louis Cardinals batting - Pitching for Los Angeles Dodgers : RHP Jake Milligan
|
|
Batting: RHB Francisco Hernandez
|
0-0: Called Strike 0-1: Swinging Strike 0-2: Foul Ball, location: 2F 0-2: Ball 1-2: Ground out 2-3 (Groundball, 13S, EV 60.0 MPH)
|
|
Batting: LHB Tommy Luce
|
0-0: Ball 1-0: Ball 2-0: Ball 3-0: Base on Balls
|
|
Batting: LHB Tom Butterbaugh
|
0-0: Called Strike 0-1: Ball 1-1: Ball 2-1: Foul Ball, location: 2F 2-2: Ball 3-2: Base on Balls Tommy Luce to second
|
|
Batting: SHB Antoine Roux
|
0-0: Called Strike Tommy Luce steals 3rd, throwing error, E2 Tommy Luce scores Tom Butterbaugh to third 0-1: Called Strike 0-2: Strikes out swinging
|
|
Batting: LHB Alex Vargas
|
0-0: Called Strike 0-1: Fly out, F8 (Flyball, 8RM, EV 96.2 MPH)
|
| Top of the 4th over - 1 run, 0 hits, 1 error, 1 left on base; St. Louis 7 - Los Angeles 0 |
| BOTTOM OF THE 4TH |
|
Los Angeles Dodgers batting - Pitching for St. Louis Cardinals : LHP Nick Martin
|
|
Batting: LHB Chris Ringwood
|
0-0: Called Strike 0-1: Ball 1-1: Swinging Strike 1-2: Strikes out swinging
|
|
Batting: LHB Bob Branham
|
0-0: Called Strike 0-1: Swinging Strike 0-2: Strikes out swinging
|
|
Batting: LHB Lirak Bazhunaishvili
|
0-0: Called Strike 0-1: Ball 1-1: Ball 2-1: SOLO HOME RUN (Flyball, 78XD, EV 108.1 MPH), Distance : 446 ft
|
|
Batting: RHB Clay Buchanan
|
0-0: Called Strike 0-1: Called Strike 0-2: Ball 1-2: Ball 2-2: Foul Ball, location: 2F 2-2: Ball 3-2: Ground out 6-3 (Groundball, 56, EV 101.2 MPH)
|
| Bottom of the 4th over - 1 run, 1 hit, 0 errors, 0 left on base; St. Louis 7 - Los Angeles 1 |
| TOP OF THE 5TH |
|
St. Louis Cardinals batting - Pitching for Los Angeles Dodgers : RHP Jake Milligan
|
|
Batting: LHB John Blair
|
0-0: Ball 1-0: Ball 2-0: Ball 3-0: Called Strike 3-1: Base on Balls
|
|
Pitching: RHP Taylor Drews
|
|
|
Batting: RHB Pavpv Ivanushkin
|
0-0: Called Strike 0-1: Foul Ball, location: 2F 0-2: Ball 1-2: Ball 2-2: Fielders Choice at 2nd, 2-4 (Groundball, 2L, EV 60.6 MPH)
|
|
Batting: LHB Zack Berney
|
0-0: Ball Pavpv Ivanushkin is caught stealing 2nd base 2-6 1-0: Ground out U3 (Groundball, 3, EV 106.9 MPH)
|
| Top of the 5th over - 0 runs, 0 hits, 0 errors, 0 left on base; St. Louis 7 - Los Angeles 1 |
| BOTTOM OF THE 5TH |
|
Los Angeles Dodgers batting - Pitching for St. Louis Cardinals : LHP Nick Martin
|
|
Pitching: LHP Nick Suggett
|
|
|
Batting: RHB Jorge Severiano
|
0-0: Foul Ball, location: 2F 0-1: Ball 1-1: Swinging Strike 1-2: Ball 2-2: SOLO HOME RUN (Flyball, 78XD, EV 93.1 MPH) (Inside the Park)
|
|
Batting: LHB Ryan Taylor
|
0-0: Called Strike 0-1: Ball 1-1: Ball 2-1: Called Strike 2-2: Strikes out swinging
|
|
Batting: RHB Tsutomu Irie
|
0-0: Ball 1-0: Fly out, F9 (Flyball, 9S, EV 91.2 MPH)
|
|
Batting: RHB Ben Mischnick
|
0-0: Ball 1-0: Ball 2-0: DOUBLE (Line Drive, 89XD, EV 103.8 MPH)
|
|
Batting: SHB Joel Baker
|
0-0: Ball 1-0: SINGLE (Line Drive, 56D, EV 94.4 MPH) Ben Mischnick to third Runner from 3rd tries for Home, SAFE, throw by LF to home
|
|
Batting: LHB Chris Ringwood
|
0-0: Ball 1-0: Swinging Strike 1-1: Foul Ball, location: 2F 1-2: Ball 2-2: DOUBLE (Flyball, 8LXD, EV 106.9 MPH) Joel Baker to third Joel Baker scores
|
|
Pitching: RHP Andy Montelongo
|
|
|
Batting: LHB Bob Branham
|
0-0: Ball 1-0: Foul Ball, location: 2F 1-1: Ball 2-1: Foul Ball, location: 2F 2-2: Ball 3-2: Fly out, F9 (Flyball, 9S, EV 83.8 MPH)
|
| Bottom of the 5th over - 3 runs, 4 hits, 0 errors, 1 left on base; St. Louis 7 - Los Angeles 4 |
| TOP OF THE 6TH |
|
St. Louis Cardinals batting - Pitching for Los Angeles Dodgers : RHP Taylor Drews
|
|
Batting: RHB Nick Gentzel
|
0-0: Called Strike 0-1: Foul Ball, location: 2F 0-2: Ball 1-2: Strikes out swinging
|
|
Batting: RHB Francisco Hernandez
|
0-0: Ball 1-0: Called Strike 1-1: Ball 2-1: Ground out 5-3 (Groundball, 56S, EV 87.5 MPH)
|
|
Batting: RHB Nick Getz
|
0-0: Called Strike 0-1: Called Strike 0-2: Foul Ball, location: 2F 0-2: Ball 1-2: Foul Ball, location: 2F 1-2: Strikes out swinging
|
| Top of the 6th over - 0 runs, 0 hits, 0 errors, 0 left on base; St. Louis 7 - Los Angeles 4 |
| BOTTOM OF THE 6TH |
|
Los Angeles Dodgers batting - Pitching for St. Louis Cardinals : RHP Andy Montelongo
|
|
Batting: LHB Lirak Bazhunaishvili
|
0-0: Ball 1-0: Called Strike 1-1: Ball 2-1: Ball 3-1: Foul Ball, location: 2F 3-2: Strikes out swinging
|
|
Batting: RHB Clay Buchanan
|
0-0: Ball 1-0: Called Strike 1-1: Ball 2-1: Called Strike 2-2: DOUBLE (Line Drive, 3D, EV 96.9 MPH)
|
|
Batting: RHB Jorge Severiano
|
0-0: Called Strike 0-1: Ground out 3-1 (Groundball, 34S, EV 80.6 MPH) Clay Buchanan to third
|
|
Batting: LHB Ryan Taylor
|
0-0: Called Strike 0-1: Hit by Pitch
|
|
Batting: RHB Tsutomu Irie
|
0-0: Ball Ryan Taylor steals 2nd base 1-0: Ball 2-0: Called Strike 2-1: Ball 3-1: Fly out, F5 (Popup, 25, EV 80.0 MPH)
|
| Bottom of the 6th over - 0 runs, 1 hit, 0 errors, 2 left on base; St. Louis 7 - Los Angeles 4 |
| TOP OF THE 7TH |
|
St. Louis Cardinals batting - Pitching for Los Angeles Dodgers : RHP Taylor Drews
|
|
Pinch Hitting: RHB Eric Chotkowski
|
0-0: SOLO HOME RUN (Flyball, 9LD, EV 93.1 MPH), Distance : 348 ft
|
|
Pinch Hitting: SHB Luke Robbins
|
0-0: Ball 1-0: SINGLE (Line Drive, 6D, EV 97.5 MPH)
|
|
Batting: LHB Alex Vargas
|
0-0: Called Strike 0-1: Ball 1-1: Called Strike 1-2: Foul Ball, location: 2F 1-2: Ball 2-2: Ball 3-2: Foul Ball, location: 2F 3-2: DOUBLE (Line Drive, 89D, EV 97.5 MPH) Luke Robbins to third Runner from 3rd tries for Home, SAFE, no throw by RF
|
|
Pinch Hitting: RHB Rick O'Reilly
|
0-0: Ball 1-0: Called Strike 1-1: Foul Ball, location: 2F 1-2: Foul Ball, location: 2F 1-2: Fly out, F7 (Line Drive, 7, EV 94.4 MPH)
|
|
Pinch Hitting: RHB Dustin Clark
|
0-0: Swinging Strike 0-1: Called Strike 0-2: Foul Ball, location: 2F 0-2: Ball 1-2: Strikes out swinging
|
|
Pitching: LHP Josh Ramirez
|
|
|
Pinch Hitting: RHB Mark Cahill
|
0-0: Called Strike 0-1: Swinging Strike 0-2: Strikes out swinging
|
| Top of the 7th over - 2 runs, 3 hits, 0 errors, 1 left on base; St. Louis 9 - Los Angeles 4 |
| BOTTOM OF THE 7TH |
|
Los Angeles Dodgers batting - Pitching for St. Louis Cardinals : RHP Andy Montelongo
|
|
Now at 1B: Mark Cahill
|
|
|
Now at 2B: Luke Robbins
|
|
|
Now at 3B: Rick O'Reilly
|
|
|
Now at SS: Dustin Clark
|
|
|
Now in LF: Tim Olsen
|
|
|
Now in RF: Francisco Hernandez
|
|
|
Batting: RHB Ben Mischnick
|
0-0: Fly out, F9 (Flyball, 89S, EV 91.2 MPH)
|
|
Batting: SHB Joel Baker
|
0-0: Ball 1-0: Ball 2-0: Fly out, F9 (Flyball, 9S, EV 83.1 MPH)
|
|
Pinch Hitting: SHB Carlos Rodriguez
|
0-0: Ball 1-0: Ball 2-0: Foul Ball, location: 2F 2-1: Ball 3-1: Base on Balls
|
|
Pinch Hitting: LHB Dalton Silveira
|
0-0: Called Strike 0-1: Ball 1-1: Ball 2-1: SINGLE (Line Drive, 9S, EV 113.1 MPH) Carlos Rodriguez to second
|
|
Pinch Hitting: RHB Isaiah Yarbrough
|
0-0: Ball 1-0: Ball 2-0: Called Strike 2-1: Foul Ball, location: 2F 2-2: Foul Ball, location: 2F 2-2: Strikes out swinging
|
| Bottom of the 7th over - 0 runs, 1 hit, 0 errors, 2 left on base; St. Louis 9 - Los Angeles 4 |
| TOP OF THE 8TH |
|
St. Louis Cardinals batting - Pitching for Los Angeles Dodgers : LHP Josh Ramirez
|
|
Now at 1B: Dalton Silveira
|
|
|
Now in LF: Carlos Rodriguez
|
|
|
Now in CF: Ryan Taylor
|
|
|
Now in RF: Isaiah Yarbrough
|
|
|
Pinch Hitting: RHB Travis Leonard
|
0-0: Called Strike 0-1: Swinging Strike 0-2: Ball 1-2: Foul Ball, location: 2F 1-2: SINGLE (Groundball, 3D, EV 96.9 MPH)
|
|
Pinch Hitting: RHB Jorge Benites
|
0-0: Called Strike 0-1: Called Strike 0-2: Foul Ball, location: 2F 0-2: Ball 1-2: Foul Ball, location: 2F 1-2: SINGLE (Line Drive, 7S, EV 99.4 MPH) Travis Leonard to second
|
|
Batting: RHB Nick Getz
|
0-0: Ball 1-0: SINGLE (Line Drive, 8LS, EV 92.5 MPH) Travis Leonard to third Jorge Benites to second
|
|
Batting: LHB Tim Olsen
|
0-0: Foul Ball, location: 2F 0-1: Called Strike 0-2: Ball 1-2: Strikes out looking
|
|
Batting: SHB Luke Robbins
|
0-0: Called Strike 0-1: Ball 1-1: SINGLE (Line Drive, 78S, EV 98.8 MPH) Travis Leonard scores Jorge Benites to third Nick Getz to second
|
|
Batting: LHB Alex Vargas
|
0-0: TRIPLE (Flyball, 89XD, EV 94.4 MPH) Jorge Benites scores Nick Getz scores Luke Robbins scores
|
|
Pitching: RHP Luke Kinman
|
|
|
Pinch Hitting: SHB Bobby O'Leary
|
0-0: Ball 1-0: Swinging Strike 1-1: Ground out 1-3 (Groundball, 15S, EV 74.4 MPH)
|
|
Batting: RHB Dustin Clark
|
0-0: Ball 1-0: Foul Ball, location: 2F 1-1: Ball 2-1: Foul Ball, location: 2F 2-2: Foul Ball, location: 2F 2-2: DOUBLE (Line Drive, 5D, EV 103.8 MPH) Alex Vargas scores
|
|
Pinch Hitting: SHB Steve Barnett
|
0-0: Ground out 5-3 (Groundball, 56, EV 91.2 MPH)
|
| Top of the 8th over - 5 runs, 6 hits, 0 errors, 1 left on base; St. Louis 14 - Los Angeles 4 |
| BOTTOM OF THE 8TH |
|
Los Angeles Dodgers batting - Pitching for St. Louis Cardinals : RHP Andy Montelongo
|
|
Now at 1B: Ben Rubenacker
|
|
|
Now at 3B: Bobby O'Leary
|
|
|
Now in CF: Travis Leonard
|
|
|
Now in RF: Jorge Benites
|
|
|
Batting: RHB Clay Buchanan
|
0-0: Called Strike 0-1: Ball 1-1: Called Strike 1-2: SOLO HOME RUN (Flyball, 7D, EV 107.5 MPH), Distance : 412 ft
|
|
Batting: RHB John Manocchio
|
0-0: Foul Ball, location: 2F 0-1: SINGLE (Groundball, 6MD, EV 95.0 MPH)
|
|
Pitching: RHP Jim Kincaid
|
|
|
Pinch Hitting: RHB Justin Anastasio
|
0-0: Foul Ball, location: 2F 0-1: Ball 1-1: Fly out, F3 (Popup, 3, EV 73.8 MPH)
|
|
Pinch Hitting: RHB Edwin Soto
|
0-0: Ball 1-0: Ball 2-0: Ball 3-0: Base on Balls John Manocchio to second
|
|
Pinch Hitting: RHB Steve Perez
|
0-0: Called Strike 0-1: Called Strike 0-2: Strikes out swinging
|
|
Batting: SHB Joel Baker
|
0-0: Foul Ball, location: 2F 0-1: Swinging Strike 0-2: Strikes out swinging
|
| Bottom of the 8th over - 1 run, 2 hits, 0 errors, 2 left on base; St. Louis 14 - Los Angeles 5 |
| TOP OF THE 9TH |
|
St. Louis Cardinals batting - Pitching for Los Angeles Dodgers : RHP Luke Kinman
|
|
Now at 1B: Edwin Soto
|
|
|
Now at 2B: Dalton Silveira
|
|
|
Now at 3B: Steve Perez
|
|
|
Now in LF: Justin Anastasio
|
|
|
Now in CF: Carlos Rodriguez
|
|
|
Batting: RHB Travis Leonard
|
0-0: Foul Ball, location: 2F 0-1: Called Strike 0-2: Ball 1-2: Fly out, F8 (Flyball, 8RXD, EV 99.4 MPH)
|
|
Batting: RHB Jorge Benites
|
0-0: Foul Ball, location: 2F 0-1: Called Strike 0-2: Foul Ball, location: 2F 0-2: Foul Ball, location: 2F 0-2: Ball 1-2: Ball 2-2: Strikes out swinging
|
|
Batting: RHB Nick Getz
|
0-0: Ball 1-0: Ball 2-0: Ground out U3 (Groundball, 3, EV 86.2 MPH)
|
| Top of the 9th over - 0 runs, 0 hits, 0 errors, 0 left on base; St. Louis 14 - Los Angeles 5 |
| BOTTOM OF THE 9TH |
|
Los Angeles Dodgers batting - Pitching for St. Louis Cardinals : RHP Jim Kincaid
|
|
Batting: SHB Carlos Rodriguez
|
0-0: Ball 1-0: Called Strike 1-1: Ball 2-1: Foul Ball, location: 2F 2-2: DOUBLE (Flyball, 8LXD, EV 110.6 MPH)
|
|
Batting: LHB Dalton Silveira
|
0-0: Ball 1-0: Ball 2-0: DOUBLE (Line Drive, 5D, EV 100.0 MPH) Carlos Rodriguez scores
|
|
Batting: RHB Isaiah Yarbrough
|
0-0: Called Strike 0-1: Ball 1-1: Ball 2-1: Foul Ball, location: 2F 2-2: Strikes out swinging
|
|
Batting: RHB Clay Buchanan
|
0-0: Called Strike 0-1: Called Strike 0-2: Ball 1-2: Ground out 6-3 (Groundball, P, EV 88.1 MPH) Dalton Silveira to third
|
|
Batting: RHB John Manocchio
|
0-0: Foul Ball, location: 2F 0-1: Swinging Strike 0-2: Foul Ball, location: 2F 0-2: Foul Ball, location: 2F 0-2: Foul Ball, location: 2F 0-2: Ball 1-2: Strikes out swinging
|
| Bottom of the 9th over - 1 run, 2 hits, 0 errors, 1 left on base; St. Louis 14 - Los Angeles 6 |
|